 Dungeon Crawl Stone Soup version 0.32-a0-128-g77eb882913 (webtiles) character file.

Game seed: 15262014352438348902

5467 Nattfarinn the Grappler (level 10, 0/78 HPs)
             Began as a Naga Shapeshifter on Feb 8, 2024.
             Was a Follower of Cheibriados.
             Slain by a two-headed ogre
             ... wielding a +0 giant club
              (17 damage)
             ... on level 8 of the Dungeon.
             The game lasted 00:11:49 (7905 turns).

Nattfarinn the Grappler (Naga Shapeshifter)         Turns: 7905, Time: 00:11:50

Health: 0/78       AC:  8    Str: 25    XL:     10   Next: 69%
Magic:  10/10      EV: 12    Int: 17    God:    Cheibriados [*.....]
Gold:   388        SH:  0    Dex: 15    Spells: 9/9 levels left

rFire   . . .        o - melded +5 spear "Maevef" {pain, Str+3 Int+5}
rCold   . . .        (shield currently unavailable)
rNeg    . . .        u - melded +0 scale mail
rPois   +            (no helmet)
rElec   .            I - +0 cloak
rCorr   .            (no gloves)
SInv    +            i - +0 barding
Will    +....        (no amulet)
Stlth   +            A - +4 ring of slaying
HPRegen 0.33/turn    x - +6 ring of strength
MPRegen 0.12/turn

%: no passive effects
@: flux-form, glowing, very slow
A: glow, contaminating, AC +3, large, see invisible, deformed body, poison
resistance, slowness 2, spit poison 1, naga tail 1
a: Spit Poison, Begin Untransformation, Renounce Religion, Bend Time


You were on level 8 of the Dungeon.
You worshipped Cheibriados.
Cheibriados was aware of your devotion.
You were something dangerously unstable.
You visited 2 branches of the dungeon, and saw 9 of its levels.

You collected 388 gold pieces.

Inventory:

Hand Weapons
 f - a +0 sling
 o - the +5 spear "Maevef" (melded) {pain, Str+3 Int+5}
   (You found it on level 2 of the Dungeon)

   Str+3:     It affects your strength (+3).
   Int+5:     It affects your intelligence (+5).
Armour
 a - a +0 animal skin
 i - a +0 barding (worn)
 u - a +0 scale mail (melded)
 B - a +2 robe of resistance
 E - +0 steam dragon scales
 I - a +0 cloak (worn)
Magical Staves
 w - a staff of alchemy
Jewellery
 s - a ring of resist corrosion
 x - a +6 ring of strength (right hand)
 A - a +4 ring of slaying (left hand)
 H - a ring of wizardry
Talismans
 c - a beast talisman
 d - a flux talisman (active)
Wands
 t - a wand of roots (12)
 y - a wand of charming (7)
 G - a wand of acid (11)
Scrolls
 b - a scroll of vulnerability {unknown}
 g - 7 scrolls of identify {unknown}
 h - 4 scrolls of teleportation {unknown}
 k - a scroll of amnesia {unknown}
 l - 2 scrolls of blinking {unknown}
 n - a scroll of poison {unknown}
 p - 2 scrolls of noise {unknown}
 q - 2 scrolls of fog {unknown}
 r - 2 scrolls of fear {unknown}
 z - 3 scrolls of revelation {unknown}
 C - a scroll of enchant weapon {unknown}
 D - a scroll of immolation {unknown}
 F - a scroll of enchant armour {unknown}
Potions
 e - 5 potions of enlightenment {unknown}
 j - a potion of mutation {unknown}
 m - a potion of resistance {unknown}
 v - 3 potions of curing {unknown}
 J - 3 potions of brilliance {unknown}


   Skills:
 - Level 1.0 Fighting
 - Level 1.5 Dodging
 * Level 13.4 Unarmed Combat
 - Level 8.3 Shapeshifting


You had 9 spell levels left.
You didn't know any spells.
Your spell library contained the following spells:

 Spells                   Type           Power      Damage    Failure   Level
 Blink                    Tloc           0%         N/A       34%         2
 Lesser Beckoning         Tloc           0%         N/A       34%         2
 Momentum Strike          Conj/Tloc      0%         3d8       34%         2
 Summon Forest            Summ/Tloc      0%         N/A       100%        5
 Eringya's Noxious Bog    Alch           0%         4d6       100%        6
 Summon Hydra             Summ           0%         N/A       100%        7


Dungeon Overview and Level Annotations

Branches:
Dungeon (8/15)             Temple (1/1) D:4
   Lair: D:8-11

Altars:
Ashenzari
Cheibriados
Dithmenos
Elyvilon
Fedhas
Gozag
Hepliaklqana
Kikubaaqudgha
Nemelex Xobeh
Okawaru
Ru
Sif Muna
Trog
Uskayaw
Vehumet
Wu Jian
Zin
The Shining One

Shops:
D:4 :   D:5 (   D:6 [

Annotations:
D:3 1 runed translucent door, vilexx's ghost, amateur DEHW


Innate Abilities, Weirdness & Mutations

You are something dangerously unstable.
You glow with magical radiation, making you easy to see and hit.
Foes you strike become dangerously contaminated with magical radiation.
You are incapable of wielding weapons or throwing items.
Your serpentine skin is tough. (AC +3)
You have supernaturally acute eyesight. (SInv)
Armour fits poorly on your strangely shaped body.
Your system is resistant to poisons. (rPois)
You cover ground very slowly.
You can spit poison.
You have a snake-like lower body.


Message History

The two-headed ogre hits you with a +0 giant club!
You punch the two-headed ogre!
The two-headed ogre glows dangerously bright.
The two-headed ogre is heavily wounded.
You hit the two-headed ogre.
The two-headed ogre shudders as magic cascades through it!!
You kill the two-headed ogre!
Cheibriados appreciates the change of pace.
Your Unarmed Combat skill increases to level 13!
Things that are here:
the +10 dark maul {heavy}; a +0 giant club You start resting.
HP restored.
Things that are here:
the +10 dark maul {heavy}; a +0 giant club
There is a large broken door, spattered with blood here.
Found a club.
You see here a +0 club.
A two-headed ogre comes into view.
It is wielding a +0 giant club and a +0 giant spiked club.
The two-headed ogre shouts in stereo!
The two-headed ogre hits you with a +0 giant club!!
The two-headed ogre hits you with a +0 giant spiked club!
You punch the two-headed ogre!
The two-headed ogre begins to glow.
The two-headed ogre is moderately wounded.
You hit the two-headed ogre.
The two-headed ogre glows dangerously bright.
The two-headed ogre is moderately wounded.
The two-headed ogre hits you with a +0 giant club!
The two-headed ogre hits you with a +0 giant spiked club!
* * * LOW HITPOINT WARNING * * *
You punch the two-headed ogre!
The two-headed ogre shudders as magic cascades through it!
The two-headed ogre twists and deforms.
The two-headed ogre is severely wounded.
You hit the two-headed ogre.
The two-headed ogre begins to glow.
The two-headed ogre is severely wounded.
The two-headed ogre barely misses you.
The two-headed ogre hits you with a +0 giant spiked club!
You die...
Cheibriados appreciates the motionlessness of death.

### #. #' #O #.
#.#######.#
#.#.Op......#
#.#.........#
#.#.........#
#.#...#.#...#
#.#.........#
#.#...#.#...#
#.#.........#
############.#.........#
.............#.....)...#


You could see a two-headed ogre (contam, misshapen).

Vanquished Creatures
  2 two-headed ogres (D:8)
  Pikel (D:4)
  An orc knight (D:8)
  A cyclops (D:8)
  Maggie (D:6)
  A kobold demonologist (D:6)
  2 water moccasins
  2 black bears
  3 orc warriors
  An ice beast (D:5)
  A lemure (D:4)
  A phantom (D:4)
  4 kobold brigands
  6 bullfrogs
  3 scorpions
  6 wights (D:8)
  2 howler monkeys (D:5)
  5 hounds
  A bombardier beetle (D:5)
  2 jellies (D:6)
  3 orc priests
  A sleepcap (D:5)
  2 orc wizards
  3 gnolls (D:7)
  3 adders
  A white imp (D:8)
  2 ufetubi (D:5)
  3 ribbon worms
  4 orcs
  7 ball pythons
  4 endoplasms
  5 giant cockroaches
  4 goblins
  7 hobgoblins
  3 jackals (D:3)
  24 kobolds
  6 quokkas
  6 bats
  3 frilled lizards
  8 rats
145 creatures vanquished.

Notes
Turn   | Place    | Note
-------+----------+-------------------------------------------
     0 | D:1      | Nattfarinn the Naga Shapeshifter began the quest for the
                  | Orb.
     0 | D:1      | Reached XP level 1. HP: 18/18 MP: 1/1
   133 | D:1      | Reached XP level 2. HP: 25/25 MP: 2/2
   380 | D:1      | Found a faded altar of an unknown god.
   672 | D:2      | Reached XP level 3. HP: 31/31 MP: 3/3
  1414 | D:2      | Reached XP level 4. HP: 23/38 MP: 4/4
  1702 | D:2      | Identified the +5 spear "Maevef" {pain, Str+3 Int+5}
  1938 | D:3      | Noticed a scorpion
  1948 | D:3      | Killed a scorpion
  1949 | D:3      | Reached skill level 5 in Shapeshifting
  1949 | D:3      | Reached XP level 5. HP: 18/44 MP: 5/5
  2349 | D:3      | Found a runed translucent door.
  2349 | D:3      | Noticed vilexx's ghost (amateur DEHW)
  2421 | D:4      | Noticed Pikel
  2421 | D:4      | Noticed a lemure
  2421 | D:4      | Noticed a lemure
  2421 | D:4      | Noticed a lemure
  2422 | D:4      | Noticed a lemure
  2731 | D:4      | Found a staircase to the Ecumenical Temple.
  2738 | Temple   | Entered the Ecumenical Temple
  2981 | D:4      | Reached XP level 6. HP: 33/51 MP: 6/6
  3139 | D:4      | Killed Pikel
  3140 | D:4      | Reached XP level 7. HP: 25/57 MP: 7/7
  3391 | D:4      | Found Fulufo's Book Shop.
  3518 | D:5      | Entered Level 5 of the Dungeon
  3524 | D:5      | Found a glowing golden altar of the Shining One.
  3596 | D:5      | Reached skill level 4 in Unarmed Combat
  3596 | D:5      | Reached XP level 8. HP: 64/64 MP: 8/8
  3739 | D:5      | Reached skill level 5 in Unarmed Combat
  4377 | D:5      | Reached skill level 6 in Unarmed Combat
  4457 | D:5      | Found Cimipes's Antique Weapon Boutique.
  4549 | D:5      | Found an iron altar of Okawaru.
  4730 | D:6      | Noticed Maggie
  4868 | D:6      | Killed Maggie
  4869 | D:6      | Reached skill level 8 in Unarmed Combat
  4869 | D:6      | Reached XP level 9. HP: 61/70 MP: 9/9
  5121 | D:6      | Found Bessul's Armour Shop.
  5152 | D:6      | Found an opulent altar of Gozag.
  5166 | D:6      | Reached skill level 9 in Unarmed Combat
  5299 | D:6      | Noticed a kobold demonologist
  5317 | D:6      | Noticed a soul eater
  5319 | D:6      | Noticed a sixfirhy
  5321 | D:6      | Killed a kobold demonologist
  5328 | D:6      | Reached skill level 10 in Unarmed Combat
  5531 | D:6      | Found an ancient bone altar of Kikubaaqudgha.
  5828 | D:6      | Found a shadowy altar of Dithmenos.
  5828 | D:6      | Found a hide-covered altar of Uskayaw.
  5829 | D:6      | Found a snail-covered altar of Cheibriados.
  5841 | D:6      | Became a worshipper of Cheibriados the Contemplative
  6596 | D:7      | Found a shimmering blue altar of Sif Muna.
  6785 | D:8      | Reached * piety under Cheibriados
  6786 | D:8      | Reached skill level 11 in Unarmed Combat
  6878 | D:8      | Noticed a two-headed ogre
  6884 | D:8      | Killed a two-headed ogre
  6885 | D:8      | Reached XP level 10. HP: 35/78 MP: 10/10
  7028 | D:8      | Reached skill level 12 in Unarmed Combat
  7404 | D:8      | Noticed an orc knight
  7412 | D:8      | Killed an orc knight
  7523 | D:8      | Noticed a cyclops
  7534 | D:8      | Killed a cyclops
  7824 | D:8      | Noticed a two-headed ogre
  7830 | D:8      | Killed a two-headed ogre
  7831 | D:8      | Reached skill level 13 in Unarmed Combat
  7899 | D:8      | Noticed a two-headed ogre
  7905 | D:8      | Slain by a two-headed ogre

Illustrated notes

Levels and vault maps discovered:
D:1:      dpeg_arrival_rooms_b, layout_loops_ring,
          chequers_ecumenical_altar_simple_redux
D:2:      minmay_door_path, layout_basic, serial_park_tiny_2
D:3:      layout_basic, gammafunk_ghost_grave
D:4:      layout_rooms, temple_green, serial_shops, shop, st_stairs_13,
          uniq_pikel
D:5:      layout_basic, overflow_temple_1_default, mainiacjoe_overflow_alcove_4,
          nicolae_eternal_life, nicolae_take_the_stairs, minmay_splitting_lines
D:6:      minmay_spotlight, layout_loops_corners,
          nicolae_kikubaaqudgha_miasma_corner,
          mainiacjoe_overflow_cross_hatched,
          chequers_temple_overflow_statue_of_worship, serial_shops,
          nicolae_shop_window_shopping, uniq_maggie
D:7:      layout_gridville, hellmonk_sif_muna_bookshelves
D:8:      layout_basic, nicolae_qazlal_eye_of_the_storm,
          grunt_temple_overflow_champion_of_chaos,
          hellmonk_guarded_unrand_dark_maul, uniq_jeremiah, uniq_joseph
Temple:   nicolae_temple_bog_church

Skill      XL: |  1  2  3  4  5  6  7  8  9 10 |
---------------+-------------------------------+-----
Shapeshifting  | 4 5 6 8 |  8.3
Unarmed Combat | 4 8 11 13 | 13.4
Fighting       | |  1.0
Dodging        | |  1.5

Action                     |  1- 3 |  4- 6 |  7- 9 | 10-12 || total
---------------------------+-------+-------+-------+-------++-------
  Melee: Unarmed           |    21 |       |   240 |    63 ||   324
         Spear             |       |   111 |     7 |       ||   118
         Punch             |       |     1 |     1 |       ||     2
   Fire: Sling             |   116 |    15 |       |       ||   131
Ability: Spit Poison       |     9 |     1 |       |       ||    10
         Begin Untransform |     1 |       |       |       ||     1
    Use: Potion            |       |     1 |       |       ||     1
   Stab: Sleeping          |       |     2 |       |       ||     2
 Armour: Animal skin       |    90 |    45 |       |       ||   135
         Scale mail        |       |    42 |     3 |       ||    45
         Skin              |       |     9 |   127 |    44 ||   180
  Dodge: Dodged            |    53 |    37 |   143 |    31 ||   264
   Form: Flux              |       |       |     1 |       ||     1

Table legend: (Time is in decaauts)
 A = Elapsed time spent in this place.
 B = Non-inter-level travel time spent in this place.
 C = Inter-level travel time spent in this place.
 D = Time resting spent in this place.
 E = Time spent auto-exploring this place.
 F = Levels seen in this place.
 G = Mean time per level.
                   A        B        C        D        E       F      G
               +--------+--------+--------+--------+--------+-----+--------+
         Total |  10225 |   9669 |    556 |   1573 |   6805 |   9 | 1136.1 |
       Dungeon |  10173 |   9667 |    506 |   1573 |   6805 |   8 | 1271.6 |
        Temple |     52 |      2 |     50 |      0 |      0 |   1 |   52.0 |
               +--------+--------+--------+--------+--------+-----+--------+

Top non-repeatable levels by time:
     D:6: 1612 daAuts
     D:2: 1506 daAuts
     D:5: 1444 daAuts
     D:8: 1414 daAuts
     D:4: 1322 daAuts
     D:7: 1121 daAuts
     D:3: 908 daAuts
     D:1: 842 daAuts
  Temple: 52 daAuts
